AoeStats
← Steffels

Arabia

510170047Analyzed
1v1 RM · 2d ago on Sep 29, 2026· 69m 59s· 2 players
Game mode
Random Map
Map size
Tiny (2 player)
Population
200
Speed
Normal
Resources
Standard
Victory
Conquest
Starting age
Dark Age
Ending age
Imperial Age
RankedLock teamsTeams togetherTeam positionsShared explorationLock speedFull tech treeHidden civsTurbo modeCheats
Victory
Defeat
🇦🇷 Hindustanis · Argentina
1075
+15
🇧🇪 Varangians · Belgium
1062
-15
Steffels
5:40 Loom
9:14 Feudal Age
10:37 Double-Bit Axe
10:34 Horse Collar
20:34 Castle Age
18:48 Gold Mining
19:53 Bloodlines
20:45 Scale Barding Armor
21:40 Forging
21:52 Chain Barding Armor
21:43 Forging
23:33 Wheelbarrow
26:12 Iron Casting
26:01 Husbandry
26:30 Bow Saw
29:33 Fletching
30:51 Padded Archer Armor
30:47 Bodkin Arrow
30:54 Padded Archer Armor
32:46 Leather Archer Armor
33:52 Light Cavalry
35:38 Hand Cart
38:45 Imperial Age
37:13 Stone Mining
38:45 Ballistics
39:02 Heavy Mounted Crossbowman
39:03 Cranequins
40:14 Bracer
40:45 Ring Archer Armor
40:56 Stone Shaft Mining
43:47 Conscription
44:14 Hussar
47:23 Plate Barding Armor
48:43 Blast Furnace
49:53 Chemistry
61:45 Heavy Plow
Tony Berseti
9:43 Feudal Age
8:12 Loom
11:07 Double-Bit Axe
13:32 Horse Collar
19:18 Forging
20:33 Arson
24:51 Castle Age
23:47 Scale Barding Armor
23:44 Gold Mining
24:01 Stone Mining
24:42 Bloodlines
24:52 Pikeman
25:41 Husbandry
26:06 Bow Saw
26:00 Heavy Plow
26:37 Scale Mail Armor
30:54 Chain Barding Armor
31:37 Iron Casting
32:27 Gold Shaft Mining
32:16 Squires
32:57 Stone Shaft Mining
34:35 Grand Trunk Road
36:33 Wheelbarrow
36:32 Chain Mail Armor
36:08 Fletching
36:34 Chain Mail Armor
37:11 Ballistics
39:58 Bodkin Arrow
42:56 Imperial Age
40:46 Hand Cart
40:17 Town Watch
41:06 Padded Archer Armor
41:50 Masonry
45:05 Chemistry
43:29 Heavy Camel Rider
44:47 Plate Barding Armor
44:12 Bracer
46:12 Conscription
45:40 Elite Ghulam
46:17 Imperial Camel Rider
51:39 Blast Furnace
55:38 Siege Engineers
61:44 Elite Skirmisher
63:01 Thumb Ring
63:01 Padded Archer Armor
64:31 Light Cavalry
65:58 Hoardings
66:45 Leather Archer Armor
Connection lost

Rejoining the realm…

Still unreachable

The connection could not be restored.

Session expired

The server has moved on; the page needs a fresh start.